 Dungeon Crawl Stone Soup version 0.28.0-47-ge53b351184 (webtiles) character file.

Game seed: 6425937648477615527

392848 Peloso the Hoplite (level 22, -13/186 (217) HPs)
             Began as a Minotaur Fighter on May 10, 2022.
             Was the Champion of Okawaru.
             Killed from afar by a shadow dragon (49 damage)
             ... with a bolt of negative energy
             ... on level 4 of the Vaults.
             The game lasted 02:52:38 (59114 turns).

Peloso the Hoplite (Minotaur Fighter)              Turns: 59114, Time: 02:52:39

HP:   -13/186 (217) AC: 49    Str: 33    XL:     22   Next: 13%
MP:   24/24         EV: 10    Int:  5    God:    Okawaru [******]
Gold: 2947          SH: 19    Dex: 17    Spells: 21/21 levels left

rFire   + . .      SeeInvis +   a - +7 Singing Sword {vorpal, sonic wave}
rCold   + . .      Faith    .   c - +1 kite shield of Negation {Will++ Dex-2}
rNeg    . . .      Spirit   .   j - +14 crystal plate armour of Going Fast {rC+}
rPois   +          Reflect  .   s - +0 hat of the Guardian {rF+}
rElec   +          Harm     .   R - +0 cloak of Vehumet's Castigation {rElec rPois Stlth+}
rCorr   .          Rampage  +   Y - +1 pair of gloves {Dex+3}
Will    ++...                   u - +1 pair of boots {rampage}
Stlth   ..........              I - amulet "Ozigraopn" {Regen+ Dex+4}
HPRegen 1.21/turn               f - ring "Necag" {rPois Will+ Str+3 SInv}
MPRegen 0.19/turn               N - +4 ring of slaying

@: weak-willed, studying 2 skills, heavily drained
A: horns 2, retaliatory headbutt, strong-willed 1, subdued magic 1
}: 2/15 runes: decaying, serpentine
a: Renounce Religion, Heroism, Finesse, Duel


You were on level 4 of the Vaults.
You worshipped Okawaru.
Okawaru was exalted by your worship.
You visited 8 branches of the dungeon, and saw 40 of its levels.
You also visited: Gauntlet, Ice Cave and Wizlab.

You collected 6311 gold pieces.
You spent 3364 gold pieces at shops.

Inventory:

Hand Weapons
 a - the +7 Singing Sword (weapon) {vorpal, sonic wave}
   (You bought it in a shop on level 2 of the Orcish Mines)

   It inflicts extra damage upon your enemies.
   It radiates damaging sonic waves as it strikes, especially in combat
   involving dangerous or numerous foes.
 b - a +6 vampiric double sword
 e - the +9 long sword "Ceppegach" {flame, Stlth+}
   (Okawaru gifted it to you on level 1 of the Elven Halls)

   It burns those it strikes, dealing additional fire damage.
   Big, fiery blades are also staple armaments of hydra-hunters.
   Stlth:     It makes you more stealthy.
 o - a +6 double sword of freezing
Missiles
 S - a throwing net (quivered)
Armour
 c - the +1 kite shield of Negation (worn) {Will++ Dex-2}
   (Okawaru gifted it to you on level 10 of the Dungeon)

   Dex:       It affects your dexterity (-2).
   Will:      It greatly increases your willpower.
 j - the +14 crystal plate armour of Going Fast (worn) {rC+}
   (Okawaru gifted it to you on level 4 of the Lair of Beasts)

   rC:        It protects you from cold.
 k - a +1 cloak of willpower
 s - the +0 hat of the Guardian (worn) {rF+}
   (Okawaru gifted it to you on level 5 of the Lair of Beasts)

   rF:        It protects you from fire.
 u - a +1 pair of boots of rampaging (worn)
 G - a +1 buckler of resistance
 R - the +0 cloak of Vehumet's Castigation (worn) {rElec rPois Stlth+}
   (You found it on level 3 of the Elven Halls)

   rElec:     It insulates you from electricity.
   rPois:     It protects you from poison.
   Stlth:     It makes you more stealthy.
 U - +3 storm dragon scales {Bai Suzhen}
 Y - a +1 pair of gloves of dexterity (worn)
Jewellery
 f - the ring "Necag" (left hand) {rPois Will+ Str+3 SInv}
   (You acquired it on level 2 of the Dungeon)

   [ring of poison resistance]

   Str:       It affects your strength (+3).
   rPois:     It protects you from poison.
   SInv:      It lets you see invisible.
   Will:      It increases your willpower.
 x - a +6 ring of intelligence
 C - an amulet of reflection
 H - a ring of flight
 I - the amulet "Ozigraopn" (around neck) {Regen+ Dex+4}
   (You found it on level 3 of the Vaults)

   [amulet of regeneration]

   Dex:       It affects your dexterity (+4).
   Regen:     It increases your rate of health regeneration.
 L - a ring of fire
 M - a ring of resist corrosion
 N - a +4 ring of slaying (right hand)
Wands
 p - a wand of digging (2)
 r - a wand of flame (28)
 J - a wand of polymorph (4)
 T - a wand of paralysis (9)
Scrolls
 h - 7 scrolls of fear
 i - 15 scrolls of teleportation
 n - 7 scrolls of noise
 q - 2 scrolls of silence
 v - 6 scrolls of blinking
 z - a scroll of acquirement
 D - 13 scrolls of identify
 E - a scroll of holy word
 K - 8 scrolls of immolation
 O - a scroll of brand weapon
 P - a scroll of amnesia
 Q - 8 scrolls of magic mapping
Potions
 d - 12 potions of might
 g - 12 potions of flight
 l - 18 potions of curing
 m - 4 potions of mutation
 t - 2 potions of berserk rage
 w - a potion of haste
 A - 2 potions of brilliance
 B - 3 potions of resistance
 F - 6 potions of heal wounds
Miscellaneous
 y - a tin of tremorstones (2/2)


   Skills:
 + Level 22.9 Fighting
 + Level 23.6 Long Blades
 + Level 6.8 Axes
 + Level 21.3 Armour
 + Level 5.6 Dodging
 + Level 2.3 Stealth
 + Level 26.6 Shields
 + Level 4.4 Invocations
 + Level 1.4 Evocations


You had 21 spell levels left.
You didn't know any spells.
Your spell library contained the following spells:

 Spells                   Type           Power      Damage    Failure   Level
 Apportation              Tloc           0%         N/A       98%         1
 Foxfire                  Conj/Fire      0%         2x1d4     98%         1
 Magic Dart               Conj           0%         1d3       98%         1
 Pain                     Necr           0%         1d4       98%         1
 Shock                    Conj/Air       0%         1d3       98%         1
 Blink                    Tloc           0%         N/A       99%         2
 Passwall                 Tmut/Erth      0%         N/A       99%         2
 Searing Ray              Conj           0%         2d4       99%         2
 Static Discharge         Conj/Air       0%         N/A       99%         2
 Sublimation of Blood     Necr           0%         N/A       99%         2
 Wereblood                Tmut           0%         N/A       99%         2
 Confusing Touch          Hex            0%         N/A       100%        3
 Dazzling Flash           Conj/Hex       0%         N/A       100%        3
 Lesser Beckoning         Tloc           0%         N/A       100%        3
 Mephitic Cloud           Conj/Pois/Air  0%         N/A       100%        3
 Ozocubu's Armour         Ice            0%         N/A       100%        3
 Portal Projectile        Hex/Tloc       0%         N/A       100%        3
 Spider Form              Tmut/Pois      0%         N/A       100%        3
 Swiftness                Air            0%         N/A       100%        3
 Vampiric Draining        Necr           0%         2d6       100%        3
 Airstrike                Air            0%         N/A       100%        4
 Dispel Undead            Necr           0%         3d6       100%        4
 Fulminant Prism          Conj/Hex       0%         3d6       100%        4
 Iskenderun's Mystic Bla  Conj/Tloc      0%         2d3       100%        4
 Olgreb's Toxic Radiance  Pois           0%         N/A       100%        4
 Petrify                  Tmut/Erth      0%         N/A       100%        4
 Agony                    Necr           0%         N/A       100%        5
 Alistair's Intoxication  Tmut/Pois      0%         N/A       100%        5
 Blade Hands              Tmut           0%         N/A       100%        5
 Borgnjor's Vile Clutch   Necr/Erth      0%         N/A       100%        5
 Excruciating Wounds      Necr           0%         N/A       100%        5
 Fireball                 Conj/Fire      0%         3d3       100%        5
 Iskenderun's Battlesphe  Conj           0%         2d6       100%        5
 Manifold Assault         Tloc           0%         N/A       100%        5
 Metabolic Englaciation   Hex/Ice        0%         N/A       100%        5
 Silence                  Hex/Air        0%         N/A       100%        5
 Eringya's Noxious Bog    Tmut/Pois      0%         N/A       100%        6
 Iron Shot                Conj/Erth      0%         9d1       100%        6
 Starburst                Conj/Fire      0%         6d3       100%        6
 Statue Form              Tmut/Erth      0%         N/A       100%        6
 Ozocubu's Refrigeration  Ice            0%         4d5       100%        7
 Borgnjor's Revivificati  Necr           0%         N/A       100%        8
 Ignition                 Fire           0%         3d3       100%        8
 Necromutation            Tmut/Necr      0%         N/A       100%        8
 Animate Skeleton         Necr           Unusable   N/A       N/A         1
 Call Imp                 Summ           Unusable   N/A       N/A         2
 Summon Ice Beast         Ice/Summ       Unusable   N/A       N/A         4
 Summon Lightning Spire   Summ/Air       Unusable   N/A       N/A         4
 Summon Mana Viper        Hex/Summ       Unusable   N/A       N/A         5
 Simulacrum               Ice/Necr       Unusable   N/A       N/A         6
 Monstrous Menagerie      Summ           Unusable   N/A       N/A         7
 Spellforged Servitor     Conj/Summ      Unusable   N/A       N/A         7
 Summon Hydra             Summ           Unusable   N/A       N/A         7

Dungeon Overview and Level Annotations

Branches:
Dungeon (15/15)            Temple (1/1) D:4            Lair (6/6) D:8
  Swamp (4/4) Lair:4        Snake (4/4) Lair:2        Slime (0/5) Lair:6
    Orc (2/2) D:10            Elf (3/3) Orc:2        Vaults (5/5) D:14
  Crypt (0/3) Vaults:2     Depths (0/4) D:15          IceCv (visited)
 WizLab (visited)         Gauntlet (visited)

Altars:
Ashenzari
Cheibriados
Dithmenos
Elyvilon
Fedhas
Gozag
Hepliaklqana
Kikubaaqudgha
Makhleb
Nemelex Xobeh
Okawaru
Qazlal
Ru
Sif Muna
Trog
Uskayaw
Vehumet
Wu Jian
Xom
Yredelemnul
Zin
The Shining One
Jiyva

Shops:
D:13 *   Orc:2 (=(?(   Elf:3 ?*   Snake:4 :?   Vaults:2 *[   Vaults:4 ?

Annotations:
D:12 Casa
Swamp:2 1 runed translucent door, reggie's ghost, journeyman DrWz
Elf:2 3 runed translucent doors


Innate Abilities, Weirdness & Mutations

You have a pair of horns on your head.
You reflexively headbutt those who attack you in melee.
You are strong-willed. (Will+)
Your spells are a little easier to cast, but a little less powerful.


Message History

The shadow dragon is heavily wounded.
The phantasmal warrior barely misses you.
Unknown command.
You hit the shadow dragon.
The shadow dragon is heavily wounded.
You block the shadow dragon's attack.
The shadow dragon claws you but does no damage. x2
The shadow dragon breathes negative energy at you.
The bolt of negative energy hits you!!
You feel drained.
* * * LOW HITPOINT WARNING * * *
The bolt of negative energy hits the freezing wraith.
The freezing wraith completely resists.
The freezing wraith closely misses you. You furiously retaliate!
You headbutt the freezing wraith!
The freezing wraith hits you but does no damage.
You slice the shadow dragon like a ripe choko!!!
The Singing Sword muses on the connection between 'duet' and 'duel'.
You send a blast of sound all around you.
The monsters around you are blasted!
The phantasmal warrior is severely damaged.
The shadow dragon is moderately wounded.
You destroy the freezing wraith!
Okawaru accepts your kill.
You kill the shadow dragon!
Okawaru accepts your kill.
The shadow dragon scales are intact enough to wear.
The phantasmal warrior hits you but does no damage.
The shadow dragon bites you but does no damage.
You block the shadow dragon's attack. The shadow dragon closely misses you.
You slice the shadow dragon!!
The shadow dragon is heavily wounded.
The phantasmal warrior hits you!!
* * * LOW HITPOINT WARNING * * *
The shadow dragon bites you!
* * * LOW HITPOINT WARNING * * *
You block the shadow dragon's attack. The shadow dragon barely misses you.
You feel much better.
The phantasmal warrior hits you but does no damage.
The shadow dragon breathes negative energy at you.
The bolt of negative energy hits you!!!
You feel drained.
You die...

#...........# #.#.#.###.##
#...........# #.#.#.#.#.#.
###########'#######.#####.####
#........#...#.#...#.
#........#.###.#.#)##
#........#...#.#.#...
#..[[....#.###.###.##
#..D[W...#...#.....#.
#..[@[...#.###.#.#.##
#..[[[...#.#.#.#.#.#.
#........#.#.###.###.
#.......)'.......†...
#####################


You could see a shadow dragon (catching breath) and a phantasmal warrior.

Vanquished Creatures
  Mara (Vaults:4)
  Bai Suzhen (Vaults:4)
  The ghost of christhawk the Slayer, an adept MiHu of Okawaru (Vaults:3)
  2 golden dragons (Vaults:4)
  The ghost of Marixus the Executioner, an adept HOFi of Beogh (Vaults:2)
  Rupert (D:13)
  Jorgrun (D:15)
  2 deep elf blademasters (Elf:3)
  Asterion (Elf:2)
  The ghost of Gygal Fez the Peltast, an adept MiFi of Okawaru (Snake:2)
  The ghost of crawlogic the Slayer, an adept MiBe of Trog (Swamp:3)
  2 deep elf master archers (Elf:3)
  Gastronok (D:8)
  A sphinx (Vaults:3)
  The ghost of Quickbrownfox the Fighter, an adept DsIE of Vehumet (Elf:2)
  An ancient champion (Vaults:2)
  A thorn hunter (Swamp:2)
  A storm dragon (Vaults:5)
  A tengu reaver (Vaults:4)
  2 shadow dragons (Vaults:4)
  5 nagarajas
  A fire giant (Vaults:4)
  Roxanne (D:14)
  10 deep elf sorcerers
  Aizul (Snake:1)
  An iron dragon (Vaults:4)
  The ghost of heteroy the Cleaver, an adept GrFi of Cheibriados (Elf:1)
  8 vault wardens
  An orc warlord (Vaults:4)
  2 deep elf elementalists (Elf:3)
  The ghost of ggurman the Bludgeoner, a journeyman MiFi of Okawaru (Orc:1)
  10 very ugly things
  10 ironbound preservers
  2 ghouls (Swamp:3)
  A draconian annihilator (WizLab)
  6 ironbound thunderhulks
  2 war gargoyles (Vaults:5)
  6 eleionomae
  8 deep elf demonologists
  6 deep elf annihilators (Elf:3)
  8 purple draconians (WizLab)
  7 dire elephants
  Azrael (D:15)
  A minotaur (Gauntlet)
  4 bunyips
  A crystal guardian (Vaults:3)
  7 deep elf death magi
  9 statues (WizLab)
  An eidolon (Vaults:2)
  Snorg (D:14)
  4 ettins
  3 fire dragons (Swamp:4)
  2 deep elf high priests (Elf:3)
  A jiangshi (Vaults:2)
  Josephine (D:15)
  A blizzard demon (Vaults:2)
  7 yaktaur captains
  2 great orbs of eyes
  34 hydras
  12 naga warriors
  31 vault guards
  A rakshasa (Vaults:2)
  A ghost crab (Swamp:3)
  10 boulder beetles
  2 ogre magi
  4 salamander tyrants
  A peacekeeper (Vaults:3)
  13 ironbound frosthearts
  12 two-headed ogres
  7 centaur warriors
  An anaconda (shapeshifter) (Vaults:4)
  2 tengu warriors (D:14)
  A catoblepas (Lair:6)
  9 anacondas
  13 alligators
  2 death knights (D:15)
  A deep troll shaman (Lair:6)
  18 dancing weapons
  3 shock serpents
  6 death yaks
  A deep troll earth mage (Vaults:5)
  14 naga sharpshooters
  3 orc high priests
  Urug (D:10)
  A vampire mage (Swamp:1)
  23 spriggans
  Sonja (Orc:1)
  8 deep elf knights
  3 salamander mystics (Snake:4)
  3 fire crabs
  6 goliath frogs
  A spriggan druid (Swamp:2)
  A death drake (Gauntlet)
  6 skeletal warriors
  A glowing orange brain (Vaults:4)
  33 deep trolls
  7 naga ritualists
  13 swamp dragons
  10 deep elf archers
  The ghost of 101zpm the Magician, a novice DjFE (D:5)
  9 wizards
  10 lindwurms
  20 ironbound convokers
  24 deep elf pyromancers
  3 harpies (Vaults:1)
  4 phantasmal warriors
  6 bog bodies
  8 mana vipers
  5 orc knights
  A wolf spider zombie (D:15)
  24 ugly things
  2 harpies (shapeshifter)
  3 orc sorcerers
  20 deep elf zephyrmancers
  4 necromancers
  2 will-o-the-wisps
  6 cyclopes
  4 manticores
  22 salamanders
  A stone giant zombie (Vaults:4)
  A frost giant skeleton (Vaults:4)
  11 vault sentinels
  A human skeleton (Vaults:4)
  5 guardian serpents
  An ice statue (IceCv)
  16 elephants
  A moth of wrath (Snake:2)
  Joseph (D:7)
  9 cane toads
  14 naga magi
  37 black mambas
  Maggie (D:6)
  Psyche (D:8)
  2 centaur skeletons (D:15)
  A gargoyle (D:12)
  2 torpor snails
  A spectral redback (Gauntlet)
  2 kobold demonologists
  A yaktaur zombie (Vaults:4)
  4 rime drakes
  An unseen horror (D:11)
  2 anaconda simulacra (IceCv)
  12 yaktaurs
  10 komodo dragons
  An unseen horror (shapeshifter) (Vaults:3)
  17 tengu conjurers (WizLab)
  A freezing wraith (Vaults:4)
  14 trolls
  2 entropy weaver simulacra (IceCv)
  13 tyrant leeches
  A bloated husk (Swamp:1)
  23 hornets
  19 blink frogs
  Grinder (D:5)
  6 polar bears
  52 slime creatures
  2 culicivoras (shapeshifter)
  An air elemental (Elf:3)
  A vampire (D:13)
  2 centaur simulacra (D:15)
  A shadow (D:11)
  Sigmund (D:3)
  Eustachio (D:5)
  The ghost of burn09 the Sneak, an amateur SpEn (D:4)
  4 water elementals (Elf:3)
  8 wyverns
  An elf zombie (Vaults:4)
  7 wraiths (D:15)
  9 fire elementals
  2 dire elephant simulacra (IceCv)
  10 fire bats
  8 steam dragons
  72 yaks
  6 basilisks
  Grum (D:9)
  9 vampire mosquitoes
  Menkaure (D:7)
  A death yak simulacrum (IceCv)
  A harpy simulacrum (IceCv)
  6 wargs
  48 nagas
  13 swamp worms
  2 acid dragons
  30 water moccasins
  A spectral hornet (Gauntlet)
  3 hell hounds (D:15)
  10 swamp drakes
  13 orc warriors
  2 sky beasts
  5 black bears
  3 ice beasts
  5 boggarts
  A hornet zombie (D:6)
  3 necrophages
  25 wolves
  21 ogres
  12 centaurs
  2 phantoms
  3 kobold brigands
  20 bullfrogs
  3 gnoll sergeants
  Blork the orc (D:5)
  3 earth elementals
  3 two-headed ogre simulacra (IceCv)
  A wyvern zombie (D:7)
  5 scorpions
  A cane toad simulacrum (IceCv)
  3 water moccasin zombies
  2 elephant simulacra (IceCv)
  23 killer bees
  12 wights
  3 electric eels
  5 howler monkeys
  4 bullfrog zombies
  7 centaur zombies
  5 hounds
  A gnoll shaman (D:6)
  6 jellies
  8 orc priests
  A bullfrog skeleton (D:6)
  A hell rat (Lair:4)
  4 iguanas
  13 orc wizards
  7 spriggan simulacra (IceCv)
  2 troll simulacra (IceCv)
  3 wolf simulacra (IceCv)
  A hound skeleton (D:4)
  2 howler monkey skeletons
  2 howler monkey zombies
  9 adders
  26 gnolls
  9 naga simulacra (IceCv)
  21 white imps
  9 ufetubi (IceCv)
  3 dart slugs
  A worm (D:2)
  48 orcs
  12 ball pythons
  3 bats
  8 endoplasms
  7 giant cockroaches
  6 goblins
  4 hobgoblins
  27 kobolds
  7 quokkas
  3 training dummies (Orc:2)
  3 frilled lizards
  3 rats
  A spectral orc (D:5)
  33 briar patches (Swamp:2)
1707 creatures vanquished.

Vanquished Creatures (others)
  A tengu conjurer (WizLab)
  A bloated husk (Swamp:1)
  A naga (Snake:4)
  An orc warrior (Elf:2)
  A swamp drake (Swamp:4)
  A kobold brigand (D:9)
  A gnoll (D:6)
  An orc (Elf:2)
  20 foxfires
  73 fungi
  143 plants
  19 withered plants
263 creatures vanquished.

Grand Total: 1970 creatures vanquished

Notes
Turn   | Place    | Note
-------+----------+-------------------------------------------
     0 | D:1      | Peloso the Minotaur Fighter began the quest for the Orb.
     0 | D:1      | Reached XP level 1. HP: 19/19 MP: 0/0
   193 | D:1      | Reached XP level 2. HP: 26/27 MP: 1/1
   857 | D:2      | Reached XP level 3. HP: 18/33 MP: 2/2
  1034 | D:2      | Reached skill level 4 in Shields
  1039 | D:2      | Reached XP level 4. HP: 15/40 MP: 3/3
  1738 | D:2      | Identified a scroll of acquirement
  1738 | D:2      | Acquired the ring "Necag" {rPois Will+ Str+3 SInv}
  1785 | D:3      | Noticed Sigmund
  1795 | D:3      | Killed Sigmund
  1796 | D:3      | Reached skill level 5 in Long Blades
  1796 | D:3      | Reached skill level 5 in Armour
  1796 | D:3      | Reached skill level 1 in Dodging
  1796 | D:3      | Reached XP level 5. HP: 22/47 MP: 4/4
  1796 | D:3      | Reached XP level 6. HP: 26/55 MP: 5/5
  1946 | D:3      | Reached skill level 5 in Fighting
  2458 | D:3      | Found an opulent altar of Gozag.
  2674 | D:4      | Noticed an ice beast
  2692 | D:4      | Killed an ice beast
  2693 | D:4      | Reached XP level 7. HP: 28/61 MP: 6/6
  2890 | D:4      | Found a staircase to the Ecumenical Temple.
  2949 | Temple   | Entered the Ecumenical Temple
  3145 | D:4      | Found a snail-covered altar of Cheibriados.
  4159 | D:4      | Found a runed translucent gate.
  4162 | D:4      | Found a runed translucent gate.
  4163 | D:4      | Found a runed translucent gate.
  4163 | D:4      | Noticed burn09's ghost (amateur SpEn)
  4410 | D:4      | Found an ancient bone altar of Kikubaaqudgha.
  4496 | D:5      | Entered Level 5 of the Dungeon
  4539 | D:5      | Noticed Blork the orc
  4554 | D:5      | Reached XP level 8. HP: 63/70 MP: 7/7
  4558 | D:5      | Killed Blork the orc
  4788 | D:5      | Noticed Eustachio
  5107 | D:5      | Killed Eustachio
  5108 | D:5      | Reached skill level 5 in Shields
  5245 | D:5      | Found an iron altar of Okawaru.
  5254 | D:5      | Became a worshipper of Warmaster Okawaru
  5352 | D:5      | Found a hazy altar of Hepliaklqana.
  5387 | D:5      | Found a runed translucent door.
  5388 | D:5      | Noticed 101zpm's ghost (novice DjFE)
  5397 | D:5      | Noticed Grinder
  5418 | D:5      | Killed Grinder
  5419 | D:5      | Reached skill level 6 in Shields
  5630 | D:5      | Found a stormy altar of Qazlal.
  5654 | D:5      | Found a radiant altar of Vehumet.
  5655 | D:5      | Found a sparkling altar of Nemelex Xobeh.
  5967 | D:6      | Found a white marble altar of Elyvilon.
  6005 | D:6      | Reached XP level 9. HP: 65/79 MP: 8/8
  6017 | D:6      | Reached * piety under Okawaru
  6321 | D:6      | Reached skill level 7 in Shields
  6407 | D:6      | Noticed Maggie
  6820 | D:6      | Killed Maggie
  7174 | D:7      | Noticed Menkaure
  7631 | D:7      | Killed Menkaure
  7637 | D:7      | Reached skill level 1 in Evocations
  7773 | D:7      | Reached skill level 8 in Shields
  7803 | D:7      | Identified the +8 morningstar "Sixken Anyd" {drain, rC+}
  8081 | D:7      | Reached ** piety under Okawaru
  8120 | D:7      | Noticed Joseph
  8136 | D:7      | Killed Joseph
  8137 | D:7      | Reached XP level 10. HP: 75/89 MP: 7/9
  8492 | D:7      | Reached skill level 10 in Long Blades
  8515 | D:7      | Reached skill level 1 in Invocations
  8817 | D:7      | Reached skill level 10 in Armour
  9015 | D:8      | Reached skill level 9 in Shields
  9040 | D:8      | Reached *** piety under Okawaru
  9080 | D:8      | Noticed Gastronok
  9110 | D:8      | Killed Gastronok
  9110 | D:8      | Reached **** piety under Okawaru
  9491 | D:8      | Found a staircase to the Lair.
  9581 | D:8      | Found a basalt altar of Yredelemnul.
  9652 | D:8      | Noticed Psyche
  9660 | D:8      | Killed Psyche
  9887 | D:8      | Reached XP level 11. HP: 95/99 MP: 11/11
  9957 | D:9      | Noticed Grum
  9970 | D:9      | Killed Grum
 10168 | D:9      | Paralysed by an orc for 4 turns
 10532 | D:9      | Reached skill level 10 in Shields
 10833 | D:10     | Entered Level 10 of the Dungeon
 10843 | D:10     | Reached skill level 10 in Fighting
 10877 | D:10     | Reached ***** piety under Okawaru
 11222 | D:10     | Found a shadowy altar of Dithmenos.
 11300 | D:10     | Found a staircase to the Orcish Mines.
 11301 | D:10     | Noticed a skeletal warrior
 11301 | D:10     | Noticed a skeletal warrior
 11321 | D:10     | Killed a skeletal warrior
 11342 | D:10     | Killed a skeletal warrior
 11530 | D:10     | Noticed a skeletal warrior
 11532 | D:10     | Noticed a skeletal warrior
 11532 | D:10     | Noticed a skeletal warrior
 11588 | D:10     | Killed a skeletal warrior
 11756 | D:9      | Killed a skeletal warrior
 12082 | D:10     | Killed a skeletal warrior
 12083 | D:10     | Reached skill level 11 in Shields
 12215 | D:10     | Noticed a two-headed ogre
 12230 | D:10     | Killed a two-headed ogre
 12411 | D:10     | Noticed Urug
 12426 | D:10     | Killed Urug
 12619 | D:10     | Identified the +1 kite shield of Negation {Will++ Dex-2}
                  | (Okawaru gifted it to you on level 10 of the Dungeon)
 12619 | D:10     | Received a gift from Okawaru
 13015 | D:11     | Reached XP level 12. HP: 108/108 MP: 10/12
 13146 | D:11     | Noticed a two-headed ogre
 13154 | D:11     | Killed a two-headed ogre
 13662 | Lair:1   | Entered Level 1 of the Lair of Beasts
 13684 | Lair:1   | Noticed an eight-headed hydra
 13910 | D:8      | Reached skill level 1 in Axes
 14042 | Lair:1   | Killed a two-headed hydra
 14328 | Lair:1   | Reached skill level 12 in Shields
 14594 | Lair:1   | Noticed a seven-headed hydra
 14618 | Lair:1   | Killed a three-headed hydra
 14712 | Lair:1   | Noticed a seven-headed hydra
 14721 | Lair:1   | Killed a three-headed hydra
 15252 | Lair:2   | You fall into a shaft and drop 1 floor!
 15522 | Lair:3   | Received a gift from Okawaru
 16125 | Lair:3   | Noticed an eight-headed hydra
 16132 | Lair:3   | Killed a five-headed hydra
 16133 | Lair:3   | Reached skill level 5 in Axes
 16136 | Lair:3   | Received a gift from Okawaru
 16896 | Lair:2   | Reached XP level 13. HP: 113/118 MP: 13/13
 17185 | Lair:2   | Reached skill level 13 in Shields
 17696 | Lair:2   | Found a staircase to the Snake Pit.
 18361 | D:12     | Found a frozen archway.
 18430 | IceCv    | Entered an ice cave
 19125 | IceCv    | Received a gift from Okawaru
 19299 | IceCv    | Reached skill level 15 in Long Blades
 20107 | D:12     | Reached skill level 1 in Stealth
 20825 | Orc:1    | Entered Level 1 of the Orcish Mines
 20913 | Orc:1    | Noticed Sonja
 20925 | Orc:1    | Found a runed translucent door.
 20925 | Orc:1    | Noticed ggurman's ghost (journeyman MiFi)
 20930 | Orc:1    | Killed Sonja
 21125 | Orc:2    | Entered Level 2 of the Orcish Mines
 21172 | Orc:1    | Received a gift from Okawaru
 21183 | Orc:1    | Reached skill level 14 in Shields
 21983 | Orc:1    | Reached XP level 14. HP: 129/130 MP: 15/15
 22270 | Orc:2    | Found Maemiod's Jewellery Shop.
 22349 | Orc:2    | Found Galycw's Antique Weapon Emporium.
 22354 | Orc:2    | Found Vaenot's Magic Scroll Boutique.
 22355 | Orc:2    | Found Diliecw's Weapon Shop.
 22371 | Orc:2    | Reached skill level 5 in Dodging
 22710 | Orc:2    | Bought a scroll of identify for 28 gold pieces
 22710 | Orc:2    | Bought a scroll of identify for 28 gold pieces
 22730 | Orc:2    | Found a staircase to the Elven Halls.
 22797 | Orc:2    | Received a gift from Okawaru
 22797 | Orc:2    | Found the +15 Maxwell's patent armour {-Cast -Tele rElec
                  | Will+ rCorr}
 23385 | Orc:2    | Found Atilon's Firing Range.
 24440 | Lair:4   | Reached skill level 15 in Shields
 24804 | Lair:4   | Found a staircase to the Swamp.
 25386 | Lair:4   | Identified the +9 battleaxe of Lityxacu {vorpal, rElec rF+
                  | rC-}
 25874 | Lair:4   | Identified the +14 crystal plate armour of Going Fast {rC+}
                  | (Okawaru gifted it to you on level 4 of the Lair of Beasts)
 25874 | Lair:4   | Received a gift from Okawaru
 25879 | Lair:4   | Reached ****** piety under Okawaru
 27329 | D:13     | Reached skill level 15 in Fighting
 27333 | D:13     | Found Ylinonogh's Assorted Antiques.
 27574 | D:13     | Noticed Rupert
 27590 | D:13     | Killed Rupert
 27591 | D:13     | Reached XP level 15. HP: 110/141 MP: 5/16
 28519 | Lair:5   | Reached skill level 16 in Shields
 29113 | Lair:5   | Reached skill level 15 in Armour
 29182 | Lair:5   | Identified the +0 hat of the Guardian {rF+} (Okawaru gifted
                  | it to you on level 5 of the Lair of Beasts)
 29182 | Lair:5   | Received a gift from Okawaru
 29386 | Lair:5   | Identified the +0 ring mail "Veud" {Str+3}
 29773 | Lair:6   | Entered Level 6 of the Lair of Beasts
 30133 | Lair:6   | Reached skill level 17 in Shields
 30971 | Lair:6   | Found a staircase to the Slime Pits.
 30971 | Lair:6   | Found a viscous altar of Jiyva.
 31020 | Lair:6   | Identified the +2 robe of the Bagpipe {Will+ Str+3}
                  | (Okawaru gifted it to you on level 6 of the Lair of Beasts)
 31020 | Lair:6   | Received a gift from Okawaru
 31298 | Lair:6   | Identified the +3 long sword of Midnight {flame, rPois rN++
                  | Will- Str-2 Dex+2}
 31732 | D:14     | Noticed Snorg
 31751 | D:14     | Killed Snorg
 31935 | D:14     | Reached XP level 16. HP: 138/152 MP: 14/17
 32028 | D:14     | Found a gate to the Vaults.
 32729 | D:14     | Reached skill level 18 in Shields
 32789 | D:14     | Identified Roxanne's Reference Book on Changing
 32789 | D:14     | Noticed Roxanne
 32801 | D:14     | Killed Roxanne
 32916 | D:15     | Entered Level 15 of the Dungeon
 32959 | D:15     | Found a gate leading to a gauntlet.
 32968 | Gauntlet | Entered a Gauntlet
 32968 | Gauntlet | Found a transporter.
 32980 | Gauntlet | Found a transporter.
 32982 | Gauntlet | Found a transporter.
 32984 | Gauntlet | Found a transporter.
 32997 | Gauntlet | Found a transporter.
 33013 | Gauntlet | Found a transporter.
 33021 | Gauntlet | Found a transporter.
 33036 | Gauntlet | Found a transporter.
 33055 | Gauntlet | Found a transporter.
 33085 | Gauntlet | Found a transporter.
 33115 | Gauntlet | Found a transporter.
 33120 | Gauntlet | Found a transporter.
 33140 | Gauntlet | Found a transporter.
 33163 | Gauntlet | Found a transporter.
 33181 | Gauntlet | Found a transporter.
 33199 | Gauntlet | Found a transporter.
 33201 | Gauntlet | Found a transporter.
 33203 | Gauntlet | Found a runed translucent gate.
 33203 | Gauntlet | Found a runed translucent gate.
 33203 | Gauntlet | Found a runed translucent gate.
 33204 | Gauntlet | Found a large runed translucent door.
 33204 | Gauntlet | Found a large runed translucent door.
 33206 | Gauntlet | Found a large runed translucent door.
 33207 | Gauntlet | Found a large runed translucent door.
 33212 | Gauntlet | Found a large runed translucent door.
 33212 | Gauntlet | Found a large runed translucent door.
 33213 | Gauntlet | Found a large runed translucent door.
 33213 | Gauntlet | Found a large runed translucent door.
 33217 | Gauntlet | Found a large runed translucent door.
 33217 | Gauntlet | Found a large runed translucent door.
 33217 | Gauntlet | Found a runed translucent door.
 33217 | Gauntlet | Found a runed translucent door.
 33218 | Gauntlet | Found a large runed translucent door.
 33219 | Gauntlet | Found a large runed translucent door.
 33228 | Gauntlet | Found a large runed translucent door.
 33228 | Gauntlet | Found a large runed translucent door.
 33229 | Gauntlet | Found a large runed translucent door.
 33230 | Gauntlet | Found a large runed translucent door.
 33232 | Gauntlet | Found a transporter.
 33424 | Gauntlet | Identified the +8 plate armour "Hutzuor" {*Corrode rElec
                  | rF++ Dex+4} (Okawaru gifted it to you in a Gauntlet)
 33424 | Gauntlet | Received a gift from Okawaru
 33877 | Gauntlet | Identified the ring "Viasyus" {rPois rC+}
 33914 | Gauntlet | Acquired a +5 vampiric double sword
 33965 | Gauntlet | Acquired 862 gold pieces
 34074 | Gauntlet | Acquired 889 gold pieces
 34261 | Orc:2    | Bought the +7 Singing Sword {vorpal, sonic wave} for 2900
                  | gold pieces
 34261 | Orc:2    | Found the +7 Singing Sword {vorpal, sonic wave}
 34279 | Orc:2    | Bought a scroll of blinking for 105 gold pieces
 34768 | D:15     | Noticed Jorgrun
 34779 | D:15     | Killed Jorgrun
 35179 | D:15     | Found a shimmering altar of Xom.
 35265 | D:15     | Noticed Josephine
 35269 | D:15     | Killed Josephine
 35286 | D:15     | Noticed Azrael
 35297 | D:15     | Killed Azrael
 35546 | D:15     | Found a staircase to the Depths.
 35896 | Elf:1    | Entered Level 1 of the Elven Halls
 36437 | Elf:1    | Identified the +9 long sword "Ceppegach" {flame, Stlth+}
                  | (Okawaru gifted it to you on level 1 of the Elven Halls)
 36437 | Elf:1    | Received a gift from Okawaru
 36926 | Elf:1    | Found a large runed translucent door.
 36926 | Elf:1    | Found a large runed translucent door.
 36927 | Elf:1    | Noticed heteroy's ghost (adept GrFi)
 36958 | Elf:1    | Reached XP level 17. HP: 148/163 MP: 18/18
 37009 | Elf:1    | Got the Grimoire of Conjuration
 37423 | Elf:1    | Killed heteroy's ghost
 37431 | Elf:1    | Got Ewauc's Reference Book on Dark Lightness
 37470 | Elf:2    | Reached skill level 19 in Shields
 37541 | Elf:2    | Received a gift from Okawaru
 37779 | Elf:2    | Noticed Asterion
 37781 | Elf:2    | Found a runed translucent door.
 37781 | Elf:2    | Found a shimmering altar of Xom.
 37781 | Elf:2    | Identified the +12 rapier "Hashroisk" {chaos, rElec rF+
                  | rC+}
 37782 | Elf:2    | Noticed Quickbrownfox's ghost (adept DsIE)
 37800 | Elf:2    | Killed Asterion
 38148 | Elf:2    | Gained mutation: You are strong-willed. (Will+) [a neqoxec]
 38149 | Elf:2    | Gained mutation: Your spells are a little easier to cast,
                  | but a little less powerful. [a neqoxec]
 38150 | Elf:3    | Entered Level 3 of the Elven Halls
 38311 | Elf:2    | Found a runed translucent gate.
 38311 | Elf:2    | Found a runed translucent gate.
 38311 | Elf:2    | Found a runed translucent gate.
 38557 | Elf:2    | Killed Quickbrownfox's ghost
 38778 | Elf:3    | Paralysed by an air elemental for 1 turns
 39317 | Elf:3    | Found Zonen's Assorted Antiques.
 39459 | Elf:3    | Found Looxagaahou's Magic Scroll Shoppe.
 39822 | Elf:3    | Noticed a Brimstone Fiend
 39969 | Elf:3    | Noticed a Hell Sentinel
 40098 | Elf:3    | Received a gift from Okawaru
 40099 | Elf:3    | Reached skill level 20 in Shields
 40167 | Elf:3    | Noticed a deep elf master archer
 40173 | Elf:3    | Killed a deep elf master archer
 40188 | Elf:3    | Noticed a deep elf blademaster
 40194 | Elf:3    | Killed a deep elf blademaster
 40294 | Elf:3    | Identified the +5 morningstar of the Crushed Mouths
                  | {vorpal, rPois Str+4 Int+4}
 40294 | Elf:3    | Noticed a deep elf blademaster
 40309 | Elf:3    | Killed a deep elf blademaster
 40312 | Elf:3    | Identified the +4 great sword "Waushe Ofea" {vorpal, Fly
                  | rPois rC- rCorr}
 40466 | Elf:3    | Identified the +4 quarterstaff of Sloth {chaos, rC++ Int+2
                  | Dex-5}
 40496 | Elf:3    | Reached XP level 18. HP: 136/174 MP: 20/20
 40851 | Elf:3    | Got the Papyrus of Unholy Rites
 40869 | Elf:3    | Got Moosaeta's Collected Works on Malediction
 40872 | Elf:3    | Identified the +0 cloak of Vehumet's Castigation {rElec
                  | rPois Stlth+}
 41461 | Snake:1  | Entered Level 1 of the Snake Pit
 41717 | Snake:1  | Identified the +0 plate armour of the Sea {*Slow rElec rN+
                  | Dex+4} (Okawaru gifted it to you on level 1 of the Snake
                  | Pit)
 41717 | Snake:1  | Received a gift from Okawaru
 41972 | Snake:1  | Noticed Aizul
 41991 | Snake:1  | Killed Aizul
 42369 | Snake:2  | You fall into a shaft and drop 1 floor!
 42814 | Snake:2  | Reached skill level 21 in Shields
 43022 | Snake:2  | Found a transporter.
 43026 | Snake:2  | Found a transporter.
 43047 | Snake:2  | Noticed Gygal Fez's ghost (adept MiFi)
 43068 | Snake:2  | Found a bloodstained altar of Trog.
 44498 | Snake:4  | Entered Level 4 of the Snake Pit
 44511 | Snake:4  | Found Miteh's Magic Scroll Emporium.
 44546 | Snake:4  | Bought a scroll of teleportation for 63 gold pieces
 44777 | Snake:4  | Identified the +5 scimitar "Cozxig" {freeze, rElec rC+
                  | Int+4} (Okawaru gifted it to you on level 4 of the Snake
                  | Pit)
 44777 | Snake:4  | Received a gift from Okawaru
 44900 | Snake:4  | Found Bixithrenka's Book Emporium.
 45297 | Snake:4  | Received a gift from Okawaru
 45303 | Snake:4  | Reached skill level 22 in Shields
 45306 | Snake:4  | Reached XP level 19. HP: 156/184 MP: 21/21
 45830 | Snake:4  | Got a serpentine rune of Zot
 46805 | Swamp:1  | Entered Level 1 of the Swamp
 46848 | Swamp:1  | Received a gift from Okawaru
 47879 | Swamp:2  | Found a runed translucent door.
 47881 | Swamp:2  | Noticed reggie's ghost (journeyman DrWz)
 47881 | Swamp:2  | Identified the +12 trident of Corporal Punishment {protect,
                  | rElec rC+ Int-3}
 48059 | Swamp:2  | Identified the +1 ring mail of Okawaru's Generosity {Drain
                  | rElec rPois Int-2} (Okawaru gifted it to you on level 2 of
                  | the Swamp)
 48059 | Swamp:2  | Received a gift from Okawaru
 48789 | Swamp:3  | Reached skill level 23 in Shields
 49026 | Swamp:3  | Found a runed translucent gate.
 49145 | Swamp:3  | Found a runed translucent gate.
 49146 | Swamp:3  | Found a runed translucent gate.
 49146 | Swamp:3  | Noticed crawlogic's ghost (adept MiBe)
 49375 | Swamp:3  | Killed crawlogic's ghost
 49386 | Swamp:3  | Identified the +5 hand axe "Worm" {holy, Str+7}
 49417 | Swamp:4  | Entered Level 4 of the Swamp
 50225 | Swamp:4  | Received a gift from Okawaru
 50553 | Swamp:4  | Reached XP level 20. HP: 195/195 MP: 22/22
 50780 | Swamp:4  | Got a decaying rune of Zot
 51105 | D:4      | Killed burn09's ghost
 51202 | D:5      | Killed 101zpm's ghost
 51360 | Orc:1    | Killed ggurman's ghost
 51644 | Snake:2  | Killed Gygal Fez's ghost
 52149 | Vaults:1 | Entered Level 1 of the Vaults
 52223 | Vaults:1 | Reached skill level 24 in Shields
 52329 | Vaults:1 | Found a magical portal.
 52336 | WizLab   | Entered Iskenderun's Mystic Tower
 52355 | WizLab   | Received a gift from Okawaru
 53285 | WizLab   | Got Iskenderun's Incunabulum of Arcane Weapons
 53285 | WizLab   | Got Iskenderun's Compendium of Attacks
 54958 | Vaults:2 | Found Toepuh's Assorted Antiques.
 54966 | Vaults:2 | Bought a scroll of blinking for 202 gold pieces
 55306 | Vaults:2 | Found a runed translucent gate.
 55306 | Vaults:2 | Found a runed translucent gate.
 55306 | Vaults:2 | Found a runed translucent gate.
 55312 | Vaults:2 | Noticed Marixus's ghost (adept HOFi)
 55418 | Vaults:2 | Received a gift from Okawaru
 55543 | Vaults:2 | Found a staircase to the Crypt.
 55789 | Vaults:2 | Found Ziotz's Armour Shop.
 56116 | Vaults:2 | Reached skill level 25 in Shields
 56147 | Vaults:2 | Identified the -2 helmet of Past Mistakes {+Inv rPois SInv}
 56203 | Vaults:2 | Killed Marixus's ghost
 56394 | Vaults:3 | Reached XP level 21. HP: 195/205 MP: 23/23
 56540 | Vaults:3 | Identified the amulet "Ozigraopn" {Regen+ Dex+4}
 56687 | Vaults:3 | Identified the +0 tower shield of the Locust {rN+ Will-
                  | rCorr Dex+3} (Okawaru gifted it to you on level 3 of the
                  | Vaults)
 56687 | Vaults:3 | Received a gift from Okawaru
 57069 | Vaults:3 | Found a runed translucent door.
 57069 | Vaults:3 | Noticed christhawk's ghost (adept MiHu)
 57085 | Vaults:3 | Killed christhawk's ghost
 57622 | Vaults:4 | Noticed a golden dragon
 57637 | Vaults:4 | Killed a golden dragon
 57644 | Vaults:4 | Noticed Mara
 57650 | Vaults:4 | Noticed Peloso's illusion
 57656 | Vaults:4 | Killed Mara
 57936 | Vaults:4 | Found Qotyngom's Magic Scroll Shop.
 57951 | Vaults:4 | Bought a scroll of magic mapping for 38 gold pieces
 58291 | Vaults:4 | Identified the +8 ring mail "Eggediv" {Harm rC- MP+9 Dex+4}
                  | (Okawaru gifted it to you on level 4 of the Vaults)
 58291 | Vaults:4 | Received a gift from Okawaru
 58292 | Vaults:4 | Reached skill level 26 in Shields
 58449 | Vaults:5 | Entered Level 5 of the Vaults
 58490 | Vaults:5 | Noticed Bai Suzhen
 58546 | Vaults:4 | Killed Bai Suzhen
 58742 | Vaults:4 | Reached XP level 22. HP: 172/217 MP: 22/24
 58828 | Vaults:5 | Noticed a golden dragon
 58843 | Vaults:4 | Killed a golden dragon
 59114 | Vaults:4 | Killed from afar by a shadow dragon

Illustrated notes

Levels and vault maps discovered:
D:1:      wander_arrival_chamber, layout_rooms, minmay_hedge_maze
D:2:      wander_river, layout_loops_corners
D:3:      layout_basic, lemuel_round_altar, uniq_sigmund
D:4:      layout_layer_cave, mainiacjoe_overflow_alcove_2,
          kennysheep_slug_shrine, minmay_temple_entry_enclosed_plants,
          gammafunk_ghost_nasty_kobolds, chequers_serial_rivers_micro_c,
          minmay_large_rounded_square
D:5:      layout_cave_pools, mainiacjoe_overflow_paths,
          nicolae_hepliaklqana_monster_ancestors,
          mainiacjoe_overflow_surrounded_room, mainiacjoe_overflow_divided_tiny,
          serial_bayou, serial_bayou_pond_d, serial_bayou_pond_b,
          serial_bayou_crossing, serial_bayou_ford_a, gammafunk_ghost_grave,
          uniq_grinder, uniq_eustachio, uniq_blork_the_orc
D:6:      layout_cave_pools, elyvilon_altar_3, serial_undead, serial_undead_d,
          serial_undead_f, serial_undead_b, serial_undead_f, glass_columns_c,
          kennysheep_small_circle, uniq_maggie
D:7:      layout_basic, nrook_loot_triangle, hangedman_decor_peaks_small,
          minmay_between, uniq_joseph, uniq_menkaure
D:8:      layout_loops_ring, mainiacjoe_overflow_alcove_4,
          grunt_lair_entry_orc_guard_hut, eino_jars, uniq_psyche, uniq_gastronok
D:9:      layout_big_octagon, corexii_checkpoint_b, uniq_grum
D:10:     layout_loops_corners, overflow_temple_1_default, orc_0_dummy,
          uniq_urug
D:11:     layout_rooms
D:12:     layout_irregular_city, portal_ice_cave_entry_imps,
          chequers_serial_rivers_room_a
D:13:     layout_stronghold, serial_shops, shop, uniq_rupert
D:14:     layout_basic, lightli_vaults_fourway_checkpoint,
          kennysheep_flooded_box, uniq_snorg, uniq_roxanne
D:15:     grunt_enter_depths_magical_seal, layout_loops_cross,
          gauntlet_entry_generic, xom_teletrap_fun, uniq_josephine, uniq_azrael,
          uniq_jorgrun
Temple:   jpeg_temple_clearing
Lair:1:   layout_gridlike
Lair:2:   layout_regular_city, minmay_snake_entry_guardpost_medium
Lair:3:   layout_gridlike, special_room, grunt_megastairs_1
Lair:4:   layout_regular_city, minmay_swamp_entry_reptiles,
          nicolae_lair_lakeside_cave, serial_bayou_shore_b
Lair:5:   layout_regular_city, nzn_random_ring
Lair:6:   grunt_lair_end_beastmaster, layout_cellular_growth, slime_altar_1,
          lemuel_fruit_fields
Swamp:1:  layout_basic_swamp, nicolae_swamp_some_circles, swamp_pool2,
          cheibrodos_swamp_pet_leeches
Swamp:2:  layout_basic_swamp, ebering_ghost_funeral_grove,
          nicolae_swamp_fairy_circle, swamp_pool1
Swamp:3:  nicolae_swamp_decorative_isthmus, layout_basic_swamp,
          gammafunk_ghost_hydra_chop, evilmike_swamp_ruin_house_3,
          infiniplex_staircase_pool
Swamp:4:  swamp_fiery, layout_basic_swamp, swamp_pool1, nicolae_swamp_treefoil,
          nicolae_swamp_tree_designs
Snake:1:  layout_onion_interference, uniq_aizul
Snake:2:  layout_rooms, gammafunk_ghost_wrathful_warriors,
          nicolae_snake_guarding_the_ruins, grunt_megastairs_5
Snake:3:  layout_layer_cave
Snake:4:  johnstein_snake_rune_scales, layout_basic,
          nrook_guardian_serpent_ordinary, minmay_shop_star
Orc:1:    layout_caves, ebering_ghost_inner_flame, uniq_sonja
Orc:2:    st_orc_open, layout_caves, hellmonk_bongcloud_opening,
          nicolae_shop_firing_range
Elf:1:    layout_geoelf_octagon, ebering_ghost_disaster_area, minivault_28,
          nicolae_concentric_dashed_squares_mild, minmay_elf_annihilation
Elf:2:    elven_hall_of_blades_hangedman_original [grunt_blade_entry_basic],
          layout_rooms, ebering_ghost_xom, lemuel_flamethrower_3, uniq_asterion
Elf:3:    grunt_elf_hall_asides, layout_geoelf_castle, serial_shops,
          shop_scrolls, shop, st_stairs_5, serial_sigils_hangedman_writhe
Vaults:1: mu_enter_wizlab_6, grunt_vaults_bifocal, vaults_room_door_hall,
          v_misc_8, vaults_room_door_ring, nicolae_vaults_asterisk,
          ontoclasm_vaults_chip, layout_vaults_omnigrid
Vaults:2: gammafunk_ghost_tricky_traps, ontoclasm_vaults_fault,
          ontoclasm_vaults_decontamination, minmay_crypt_entry_simple_plaza,
          hangedman_vaults_stretched_pinwheel, grunt_vaults_hallway_short,
          nicolae_vaults_circle_grid_b, vaults_room_door_hall, v_misc_9,
          ontoclasm_vaults_shuriken, nicolae_vaults_network_star,
          vaults_dpeg_cross, hangedman_vaults_capsules, v_alt_pattern_6,
          hangedman_vaults_impose, layout_vaults_big_cross, serial_shops,
          nicolae_diamond_shop, nicolae_shop_overgrown_old_shop
Vaults:3: gammafunk_ghost_grave, nicolae_vaults_big_ls, ontoclasm_vaults_bender,
          vaults_room_semicircle, v_alt_pattern_2, nicolae_vaults_little_ls,
          nicolae_vaults_three_branches, vaults_room_boxed,
          ontoclasm_vaults_idyll, ontoclasm_vaults_eye,
          nicolae_vaults_little_squares_5, vaults_standard_mumra_lines,
          grunt_vaults_hallway_short, layout_vaults_ring
Vaults:4: ontoclasm_vaults_echo, nicolae_vaults_big_angled_halls, v_misc_1,
          nicolae_vaults_network_square, nicolae_vaults_mini_display_case,
          nicolae_vaults_theta, vaults_dpeg_ring, v_misc_8,
          hangedman_vaults_restitches, layout_vaults_maze_snakey, serial_shops,
          nicolae_shop_advertising_works [nicolae_subvault_shop_adworks],
          uniq_mara
Vaults:5: uniq_bai_suzhen

Skill      XL: |  1  2  3  4  5  6  7  8  9 10 11 12 13 14 15 16 17 18 19 20 21 |
---------------+----------------------------------------------------------------+-----
Armour         | 4 5 6 8 9 10 11 12 13 14 15 16 17 18 19 20 21 | 21.3
Fighting       | 4 5 6 7 8 9 10 12 13 15 16 17 18 19 20 21 22 | 22.9
Long Blades    | 3 5 6 7 8 9 11 13 14 15 16 17 18 19 20 21 22 23 | 23.6
Shields        | 4 6 8 9 11 12 14 15 17 18 20 22 23 25 26 | 26.6
Dodging        | 1 2 3 4 5 |  5.6
Evocations     | 1 |  1.4
Invocations    | 1 2 3 4 |  4.4
Axes           | 5 6 |  6.8
Stealth        | 1 2 |  2.3

Action                   |  1- 3 |  4- 6 |  7- 9 | 10-12 | 13-15 | 16-18 | 19-21 | 22-24 || total
-------------------------+-------+-------+-------+-------+-------+-------+-------+-------++-------
Melee: Long sword        |    74 |    94 |   371 |   652 |       |       |   242 |       ||  1433
       Headbutt          |    10 |    17 |    76 |   168 |   399 |   206 |   341 |     7 ||  1224
       Broad axe         |       |       |       |    31 |    27 |       |       |       ||    58
       Demon blade       |       |       |       |    22 |  1348 |   182 |       |       ||  1552
       Double sword      |       |       |       |       |       |   772 |  1071 |    39 ||  1882
Invok: Heroism           |       |       |     8 |    21 |    18 |     7 |    10 |     1 ||    65
Evoke: Wand              |       |       |     4 |     1 |     1 |       |     4 |       ||    10
  Use: Scroll            |       |     3 |     6 |     8 |     9 |     8 |     3 |       ||    37
       Potion            |       |       |     1 |       |       |     2 |     1 |     1 ||     5
 Stab: Distracted        |       |       |       |       |     1 |       |       |       ||     1
       Paralysed         |       |       |       |       |     1 |       |       |       ||     1
Armor: Scale mail        |    14 |       |       |       |       |       |       |       ||    14
       Chain mail        |    15 |    48 |   318 |    57 |   283 |       |       |       ||   721
       Plate armour      |       |       |       |   268 |    57 |       |       |       ||   325
       Crystal plate arm |       |       |       |       |   485 |   424 |   723 |    73 ||  1705
Dodge: Dodged            |    40 |    38 |   234 |   246 |   461 |   169 |   307 |    26 ||  1521
Block: Buckler           |    21 |    18 |   151 |   409 |   881 |   154 |       |       ||  1634
       Reflection        |       |       |       |    11 |    25 |   118 |    36 |       ||   190
       Kite shield       |       |       |       |       |       |   588 |  1282 |    68 ||  1938
